cohdb
Replays
Latest Replays
All Replays
Popular Replays
Top Player Replays
Match Explorer
How It Works
Community
CoH3 Stats
Reddit
Sign in to upload your games and track your stats! →
Sign in with Steam
Match 41338118
Unlisted
Match 41338118
Overview
Messages
Build Orders
End
Scout Squad
Construct Barracks
Riflemen Squad
Riflemen Squad
Riflemen Squad
Grenade Package
Infantry Support Center
Construct Medical Station
Construct Weapon Support Center
M1919 Machine Gun Team
M1919 Machine Gun Team
Construct Tank Depot
Bazooka Squad
Selects Armored Battlegroup
Selects Veteran Crews
Selects M31 Recovery Vehicle
Selects War Machine
Selects Strength in Steel
M4(105) Sherman Bulldozer
Engineer Squad
Mortar Pit
Selects Seek and Destroy
HulkSMASH
FoolishViceroy
0
0
Comments
sign in to comment!
No comments posted yet!